AoeStats
← Goffy2938

Pilgrims

509156882Analyzed
4v4 RM · 7d ago on Sep 25, 2026· 64m 0s· 8 players
Game mode
Random Map
Map size
Large (8 player)
Population
200
Speed
Normal
Resources
Standard
Victory
Conquest
Starting age
Dark Age
Ending age
Imperial Age
RankedLock teamsTeams togetherTeam positionsShared explorationLock speedFull tech treeHidden civsTurbo modeCheats
Victory
Defeat
🇺🇸 Huns · United States
1009
+13
🇺🇸 Persians · United States
982
+14
🇺🇸 Vikings · United States
938
+16
🇺🇸 Shu · United States
892
+18
1021
-18
🇬🇷 Malay · Greece
926
-15
🇬🇧 Chinese · United Kingdom
910
-40
🇬🇧 Armenians · United Kingdom
901
-14
Rainbow Randy
11:28 Loom
15:54 Feudal Age
17:31 Double-Bit Axe
17:30 Horse Collar
21:28 Wheelbarrow
22:49 Gold Mining
27:23 Castle Age
27:00 Fletching
27:11 Padded Archer Armor
29:35 Crossbowman
30:19 Bodkin Arrow
30:40 Leather Archer Armor
30:49 Bow Saw
33:48 Imperial Age
34:41 Arbalester
36:31 Hand Cart
37:22 Thumb Ring
41:04 Gold Shaft Mining
43:37 Bracer
44:08 Ring Archer Armor
44:02 Ballistics
43:28 Arrowslits
44:51 Chemistry
52:56 Elite White Feather Guard
54:31 Bolt Magazine
60:53 Medium Warships
61:07 Medium Warships
63:52 Heavy Warships
63:03 Demolition Ship
SexyRedd
12:18 Feudal Age
12:38 Loom
16:13 Castle Age
16:14 Double-Bit Axe
16:47 Forging
16:50 Bloodlines
18:05 Husbandry
32:58 Imperial Age
32:57 Iron Casting
32:40 Scale Barding Armor
32:53 Horse Collar
35:51 Bow Saw
37:47 Cavalier
40:11 Pikeman
40:51 Squires
40:37 Arson
43:01 Halberdier
45:32 Wheelbarrow
47:00 Blast Furnace
46:01 Scale Mail Armor
49:26 Capped Ram
50:42 Siege Ram
52:21 Hand Cart
51:52 Town Watch
52:30 Chain Mail Armor
52:36 Chain Barding Armor
52:18 Padded Archer Armor
52:08 Fletching
56:36 Spies/Treason
58:34 Medium Warships
59:45 Heavy Warships
60:28 Ballistics
61:12 Chemistry
60:46 Bodkin Arrow
61:10 Leather Archer Armor
62:14 Caravan
ThrobbinWood
7:07 Loom
14:17 Feudal Age
17:52 Double-Bit Axe
18:24 Fishing Lines
20:25 Fletching
20:53 Forging
20:56 Padded Archer Armor
23:57 Castle Age
23:17 Bloodlines
23:17 Scale Barding Armor
23:24 Forging
25:51 Bow Saw
26:19 Iron Casting
26:08 Chain Barding Armor
28:11 Iron Casting
31:57 Horse Collar
36:54 Wheelbarrow
37:51 Town Watch
39:11 Hand Cart
39:39 Bodkin Arrow
40:43 Heavy Plow
45:00 Imperial Age
44:48 Cavalier
45:33 Husbandry
46:37 Blast Furnace
46:12 Plate Barding Armor
46:42 Two-Man Saw
46:56 Chemistry
46:17 Ballistics
45:55 Murder Holes
46:11 Masonry
47:35 Crop Rotation
46:42 Savar
48:38 Guilds
50:02 Conscription
49:58 Citadels
59:49 Caravan
TreeFugger69
3:30 Loom
10:36 Feudal Age
11:00 Man-at-Arms
11:33 Double-Bit Axe
17:02 Castle Age
21:05 Medium Warships
20:49 Horse Collar
21:24 Bow Saw
23:04 Pikeman
32:06 Scale Mail Armor
32:17 Forging
32:01 Fletching
32:48 Squires
34:21 Chieftains
35:31 Chain Mail Armor
36:32 Treadmill Crane
37:14 Ballistics
46:53 Imperial Age
46:44 Gold Mining
46:44 Stone Mining
48:07 Conscription
56:29 Two-Man Saw
56:13 Caravan
55:52 Elite Longship
59:17 Clinker Construction
61:38 Bodkin Arrow
Goffy2938
13:07 Feudal Age
14:49 Double-Bit Axe
19:40 Wheelbarrow
24:42 Castle Age
22:43 Fishing Lines
23:47 Gold Mining
23:44 Horse Collar
27:07 Medium Warships
26:50 Gillnets
27:20 Stone Mining
27:44 Bow Saw
28:12 Gold Shaft Mining
27:41 Heavy Plow
28:11 Hand Cart
32:07 Stone Shaft Mining
37:12 Careening
37:13 Clinker Construction
37:15 Fortified Wall
37:27 Ballistics
36:57 Heated Shot
37:14 Siphons
37:06 Murder Holes
37:21 Masonry
37:02 Guard Tower
42:01 Imperial Age
44:11 Heavy Warships
43:07 Demolition Ship
48:58 Elite Chu Ko Nu
50:32 Elite Chu Ko Nu
Done
5:41 Loom
13:31 Feudal Age
13:59 Town Watch
14:16 Double-Bit Axe
14:20 Fishing Lines
14:46 Gold Mining
20:28 Wheelbarrow
20:24 Scale Mail Armor
20:00 Pikeman
24:45 Castle Age
23:09 Forging
23:24 Stone Mining
23:50 Bloodlines
26:43 Iron Casting
26:24 Chain Mail Armor
25:32 Halberdier
27:41 Bow Saw
26:54 Man-at-Arms
28:43 Hand Cart
29:46 Medium Warships
29:55 Gillnets
36:58 Imperial Age
orestsymeonidhs
11:26 Feudal Age
12:03 Loom
13:53 Double-Bit Axe
17:14 Castle Age
15:20 Fishing Lines
17:49 Gillnets
20:39 Pikeman
23:03 Husbandry
[WS2] Wanjia Squad YT
7:00 Loom
15:14 Feudal Age
18:48 Castle Age
18:20 Double-Bit Axe
20:05 Pikeman
27:53 Bloodlines
27:43 Husbandry
27:59 Forging
27:55 Scale Barding Armor
28:36 Horse Collar
29:18 Husbandry
30:13 Bow Saw
32:16 Wheelbarrow
33:50 Hand Cart
34:35 Iron Casting
37:13 Imperial Age
35:28 Heavy Plow
37:05 Chain Barding Armor
36:55 Cavalier
37:53 Squires
38:30 Conscription
39:30 Blast Furnace
40:19 Plate Barding Armor
Connection lost

Rejoining the realm…

Still unreachable

The connection could not be restored.

Session expired

The server has moved on; the page needs a fresh start.